 Dungeon Crawl Stone Soup version 0.19.0-2-gae57169 (webtiles) character file.

200 RKaid the Magician (level 5, -2/28 HPs)
             Began as a Deep Elf Conjurer on Nov 6, 2016.
             Slain by Natasha (7 damage)
             ... on level 2 of the Dungeon.
             The game lasted 00:07:59 (2366 turns).

RKaid the Magician (Deep Elf Conjurer)              Turns: 2366, Time: 00:08:00

Health: -2/28      AC:  2    Str:  5    XL:     5   Next: 48%
Magic:  5/15       EV: 13    Int: 21    God:
Gold:   127        SH:  0    Dex: 15    Spells: 3 memorised, 9 levels left

rFire  . . .     SeeInvis .     i - +0 short sword
rCold  . . .     Gourm    .     a - +0 robe
rNeg   . . .     Faith    .     (no shield)
rPois  .         Spirit   .     (no helmet)
rElec  .         Reflect  .     (no cloak)
rCorr  .         Harm     .     (no gloves)
MR     .....                    (no boots)
Stlth  ++........               (no amulet)
                                (no ring)
                                (no ring)

@: very slightly contaminated
A: no striking features
a: no special abilities


You were on level 2 of the Dungeon.
You were not hungry.

You visited 1 branch of the dungeon, and saw 3 of its levels.

You collected 127 gold pieces.

Inventory:

Hand Weapons
 e - a +0 mace
   (You took it off an orc on level 3 of the Dungeon)
 h - a +0 spear
   (You found it on level 3 of the Dungeon)
 i - a +0 short sword (weapon)
   (You took it off a kobold on level 1 of the Dungeon)
 k - a +0 hand axe
   (You found it on level 1 of the Dungeon)
 u - a +0 dagger
   (You took it off a goblin on level 2 of the Dungeon)
 w - a +0 club
   (You took it off a kobold on level 3 of the Dungeon)
Missiles
 o - 46 stones (quivered)
Armour
 a - a +0 robe (worn)
Scrolls
 d - 4 scrolls of identify {unknown}
 m - a scroll of remove curse {unknown}
 p - 3 scrolls of teleportation {unknown}
 t - 2 scrolls of enchant weapon {unknown}
 v - a scroll of enchant armour {unknown}
 x - a scroll of random uselessness {unknown}
 y - a scroll of magic mapping {unknown}
Potions
 j - a potion of curing {unknown}
 n - 2 potions of cure mutation {unknown}
 q - a potion of degeneration {unknown}
 s - a potion of resistance {unknown}
 A - a potion of lignification {unknown}
Books
 b - a book of Conjurations
Comestibles
 c - 3 bread rations
 g - 2 beef jerkies
 l - a meat ration
 r - a royal jelly
 z - a slice of pizza


   Skills:
 - Level 2.4 Dodging
 - Level 2.4 Stealth
 + Level 6.0 Spellcasting
 + Level 6.0 Conjurations


You had 9 spell levels left.
You knew the following spells:

 Your Spells              Type           Power        Failure   Level  Hunger
a - Magic Dart            Conj           ####         1%          1    None
b - Searing Ray           Conj           ####..       1%          2    None
c - Iskenderun's Mystic   Conj           ####....     10%         4    ####...


Dungeon Overview and Level Annotations

Branches:
Dungeon (3/15)

Altars:

Annotations:
D:2 Natasha


Message History

You hit the goblin but do no damage. The goblin closely misses you.
You hit the goblin. The goblin misses you.
Natasha, Servant of Life and Death comes into view.
You hit the goblin.
You kill the goblin!
Natasha moves out of view.
Casting: Magic Dart
Confirm with . or Enter, or press ? or * to list all spells.
Aiming: Magic Dart
Press: ? - help, Shift-Dir - straight line, f - frilled lizard
Aim: a frilled lizard The magic dart hits the frilled lizard.
You kill the frilled lizard!
Natasha stares at you and mumbles some strange words.
The magic dart hits you!
Casting: Magic Dart
Confirm with . or Enter, or press ? or * to list all spells.
You don't have enough magic to cast that spell.
Casting: Magic Dart
Confirm with . or Enter, or press ? or * to list all spells.
You don't have enough magic to cast that spell.
Unknown command.
Casting: Magic Dart
Confirm with . or Enter, or press ? or * to list all spells.
You don't have enough magic to cast that spell.
Items here: ))))) a hand axe; a dagger; a mace; a club x2
Natasha casts a spell at you. You resist with some effort.
You see here a leather armour.
There is a stone staircase leading up here.
Some of the chunks of flesh in your inventory have rotted away.
You climb upwards.
There is a stone staircase leading down here.
You start resting.
Some of the chunks of flesh in your inventory have rotted away. x2
All of the chunks of flesh in your inventory have rotted away.
You climb downwards.
Level annotation: Natasha The hobgoblin barely misses you.
The hobgoblin hits you with a club.
There is a stone staircase leading up here.
Casting: Magic Dart
Confirm with . or Enter, or press ? or * to list all spells.
Aiming: Magic Dart
Press: ? - help, Shift-Dir - straight line, f - hobgoblin
Aim: a hobgoblin, wielding a club The magic dart hits the hobgoblin.
The hobgoblin hits you with a club.
Casting: Magic Dart
Confirm with . or Enter, or press ? or * to list all spells.
Aiming: Magic Dart
Press: ? - help, Shift-Dir - straight line, f/p - hobgoblin
Aim: a hobgoblin, wielding a club (heavily wounded)
The magic dart hits the hobgoblin.
You kill the hobgoblin!
Casting: Magic Dart
Confirm with . or Enter, or press ? or * to list all spells.
Aiming: Magic Dart
Press: ? - help, Shift-Dir - straight line, f - hobgoblin
Aim: a hobgoblin, wielding a club The magic dart hits the hobgoblin.
Casting: Magic Dart
Confirm with . or Enter, or press ? or * to list all spells.
Aiming: Magic Dart
Press: ? - help, Shift-Dir - straight line, f/p - hobgoblin
Aim: a hobgoblin, wielding a club (moderately wounded)
The magic dart hits the hobgoblin.
The hobgoblin closely misses you.
Natasha casts a spell.
Casting: Magic Dart
Confirm with . or Enter, or press ? or * to list all spells.
Aiming: Magic Dart
Press: ? - help, Shift-Dir - straight line, f/p - hobgoblin
Aim: a hobgoblin, wielding a club (moderately wounded)
The magic dart hits the hobgoblin.
You kill the hobgoblin!
Casting: Magic Dart
Confirm with . or Enter, or press ? or * to list all spells.
Aiming: Magic Dart
Press: ? - help, Shift-Dir - straight line, f - Natasha
Aim: Natasha The magic dart hits Natasha.
Natasha claws you!
Casting: Magic Dart
Confirm with . or Enter, or press ? or * to list all spells.
Aiming: Magic Dart
Press: ? - help, Shift-Dir - straight line, f/p - Natasha
Aim: Natasha (moderately wounded)
The magic dart hits Natasha.
Natasha claws you!
* * * LOW HITPOINT WARNING * * *
Natasha barely misses you.
You climb upwards.
The white imp disappears in a puff of smoke!
There is a stone staircase leading down here.
Casting: Magic Dart
Confirm with . or Enter, or press ? or * to list all spells.
Aiming: Iskenderun's Mystic Blast
Press: ? - help, Shift-Dir - straight line, f - Natasha
Aim: Natasha (heavily wounded)
You miscast Iskenderun's Mystic Blast.
You are very lightly contaminated with residual magic.
You smell something strange.
Natasha claws you!
You die...

#..# #.......#
#....# #..# #. ##.#
##.#.######..).#
###.## ## #.# #...#
###..##.###...# #
#.### ##..#
#....##.##....# #
#...#
#..###.##.##.##÷.###
## ###.#
#..#>..##.##.#..##
#. #.#
#..#.####.##.#..# #.
#.#
##.#.####.##....# #.
#÷##
###.##@h......## ##.
#..##
####....#.##.###
##..
##..###....####.####
#..# ##.....#..#
##.# #.## ##......##
#..# ###.# #.#.####
#.## #...## ###.#
###.# ##.###. #.#
#...# #..# #. #.#
##.### #.####.


You could see Natasha.

Vanquished Creatures
  Natasha (twice) (D:3)
  4 adders
  3 worms (D:2)
  4 dart slugs
  4 leopard geckos
  5 orcs (D:3)
  5 bats
  6 giant cockroaches
  7 goblins
  8 hobgoblins
  2 jackals (D:1)
  4 frilled lizards
  4 kobolds
  38 rats
96 creatures vanquished.

Notes
Turn   | Place    | Note
-------+----------+-------------------------------------------
     0 | D:1      | RKaid the Deep Elf Conjurer began the quest for the Orb.
     0 | D:1      | Reached XP level 1. HP: 10/10 MP: 6/6
    94 | D:1      | Reached XP level 2. HP: 15/15 MP: 0/8
   175 | D:1      | Learned a level 2 spell: Searing Ray
   383 | D:1      | Reached skill level 4 in Spellcasting
   698 | D:1      | Reached XP level 3. HP: 19/19 MP: 8/10
  1007 | D:2      | Reached skill level 5 in Conjurations
  1421 | D:2      | Reached skill level 5 in Spellcasting
  1421 | D:2      | Reached XP level 4. HP: 24/24 MP: 9/13
  1427 | D:2      | Learned a level 4 spell: Iskenderun's Mystic Blast
  2066 | D:3      | Noticed Natasha
  2069 | D:3      | Killed Natasha
  2069 | D:3      | Reached XP level 5. HP: 21/28 MP: 11/15
  2076 | D:3      | Noticed Natasha
  2080 | D:3      | Killed Natasha
  2211 | D:3      | Reached skill level 6 in Conjurations
  2212 | D:3      | Reached skill level 6 in Spellcasting
  2218 | D:3      | Noticed Natasha
  2363 | D:3      | HP: 4/28 [Natasha (8)]
  2366 | D:2      | Slain by Natasha

Skill      XL: |  1  2  3  4  5 |
---------------+----------------+-----
Spellcasting   | 4 5 6 |  6.0
Conjurations   | 5 6 |  6.0
Dodging        | |  2.4
Stealth        | |  2.4

Action                   |  1- 3 |  4- 6 || total
-------------------------+-------+-------++-------
Melee: Short sword       |       |    13 ||    13
 Cast: Magic Dart        |    96 |    93 ||   189
  Eat: Chunk             |     1 |     3 ||     4
Armor: Robe              |     4 |       ||     4
Dodge: Dodged            |     9 |    19 ||    28

Vault maps used:
D:1:      mrwooster_arrival_statue_3, serial_bayou_lagoon_a
D:2:      minmay_rats_cheesy_pizza
D:3:      lemuel_round_altar, first_bread, uniq_natasha, uniq_jessica

Table legend:
 A = Turns spent in this place as a percentage of turns spent in the entire game.
 B = Non-inter-level travel turns spent in this place as a percentage of non-inter-level travel turns spent in the entire game.
 C = Inter-level travel turns spent in this place as a percentage of turns spent in this place.
 D = Turns resting spent in this place as a percentage of non-inter-level travel turns spent in this place.
 E = Turns spent auto-exploring this place as a percentage of non-inter-level travel turns spent in this place.
 F = Non-inter-level travel turns spent in this place divided by the number of levels of this place that you've seen.
                   A       B       C       D       E      F
               +-------+-------+-------+-------+-------+----------------------
         Total | 100.0 | 100.0 |   0.4 |  10.2 |  11.9 | 179.3
       Dungeon | 100.0 | 100.0 |   0.4 |  10.2 |  11.9 | 179.3
               +-------+-------+-------+-------+-------+----------------------

Table legend:
 A = Kills in this place as a percentage of kills in entire the game.
 B = Kills by you in this place as a percentage of kills by you in the entire game.
 C = Kills by friends in this place as a percentage of kills by friends in the entire game.
 D = Other kills in this place as a percentage of other kills in the entire game.
 E = Experience gained in this place as a percentage of experience gained in the entire game.
 F = Experience gained in this place divided by the number of levels of this place that you have seen.
                   A       B       C       D       E      F
               +-------+-------+-------+-------+-------+----------------------
         Total | 100.0 | 100.0 |  -nan |  -nan | 100.0 |  95.3
       Dungeon | 100.0 | 100.0 |  -nan |  -nan | 100.0 |  95.3
               +-------+-------+-------+-------+-------+----------------------
